SNL (28 & UNDER)
SALEM SILVER SOULS @ MEMPHIS BLUES
07/06/2024
 
TOP OF THE 1ST
Salem Silver Souls batting - Pitching for Memphis Blues : RHP Francisco Arellano
Pitching: RHP Francisco Arellano
Batting: RHB Félix García 0-0: Swinging Strike
0-1: Swinging Strike
0-2: Ball
1-2: Strikes out swinging
Batting: LHB Bill Smith 0-0: Ball
1-0: Ball
2-0: Called Strike
2-1: Ball
3-1: Base on Balls
Batting: RHB Juan Vareas 0-0: Ball
1-0: Fly out, F3 (Popup, 3F)
Batting: LHB Raúl Cordero 0-0: Ball
1-0: Foul Ball, location: 2F
1-1: Ball
2-1: Ball
3-1: Foul Ball, location: 2F
3-2: Strikes out swinging
Top of the 1st over - 0 run(s), 0 hit(s), 0 error(s), 1 left on base; Salem 0 - Memphis 0
BOTTOM OF THE 1ST
Memphis Blues batting - Pitching for Salem Silver Souls : RHP Ron Biller
Pitching: RHP Ron Biller
Batting: RHB Jorge Domínguez 0-0: Ball
1-0: Called Strike
1-1: Fly out, F9 (Line Drive, 89M)
Batting: RHB Dave Wookey 0-0: Ball
1-0: Foul Ball, location: 2F
1-1: Fly out, F8 (Flyball, 8RM)
Batting: RHB Dale Taylor 0-0: Foul Ball, location: 2F
0-1: Ball
1-1: Swinging Strike
1-2: Strikes out swinging
Bottom of the 1st over - 0 run(s), 0 hit(s), 0 error(s), 0 left on base; Salem 0 - Memphis 0
TOP OF THE 2ND
Salem Silver Souls batting - Pitching for Memphis Blues : RHP Francisco Arellano
Batting: LHB Millard Dye 0-0: Called Strike
0-1: Foul Ball, location: 2F
0-2: Strikes out swinging
Batting: RHB Jesús Gutiérrez 0-0: Ground out 4-3 (Groundball, 4)
Batting: LHB Jermaine Carter 0-0: Ball
1-0: Ball
2-0: SINGLE (Line Drive, 89S)
Batting: RHB Alejandro Martínez 0-0: Called Strike
0-1: Ball
Jermaine Carter steals 2nd base
1-1: Ball
2-1: Ball
3-1: Base on Balls
Batting: SHB Francis Shaffer 0-0: Ball
1-0: Ball
2-0: Ball
3-0: Base on Balls
Jermaine Carter to third
Alejandro Martínez to second
Batting: RHB Félix García 0-0: Called Strike
0-1: Ball
1-1: Foul Ball, location: 2F
1-2: Foul Ball, location: 2F
1-2: Ball
2-2: Foul Ball, location: 2F
2-2: Ball
3-2: Foul Ball, location: 2F
3-2: Foul Ball, location: 2F
3-2: Base on Balls
Jermaine Carter scores
Alejandro Martínez to third
Francis Shaffer to second
Batting: LHB Bill Smith 0-0: Called Strike
0-1: SINGLE (Groundball, 4MD)
Alejandro Martínez scores
Francis Shaffer to third
Félix García to second
Runner from 3rd tries for Home, SAFE, no throw or cutoff
Batting: RHB Juan Vareas 0-0: Called Strike
0-1: SINGLE (Groundball, 34D)
Félix García to third
Bill Smith to second
Runner from 3rd tries for Home, SAFE, no throw or cutoff
Batting: LHB Raúl Cordero 0-0: Called Strike
0-1: Ball
1-1: Called Strike
1-2: SINGLE (Line Drive, 56D)
Bill Smith to third
Juan Vareas to second
Runner from 3rd tries for Home, SAFE, throw made home
Batting: LHB Millard Dye 0-0: Ball
1-0: Ball
2-0: SINGLE (Groundball, 34D)
Juan Vareas to third
Raúl Cordero to second
Runner from 3rd tries for Home, SAFE, no throw or cutoff
Batting: RHB Jesús Gutiérrez 0-0: Foul Ball, location: 2F
0-1: Ball
1-1: Called Strike
1-2: Ball
2-2: Ground out 1-3 (Groundball, 13)
Top of the 2nd over - 6 run(s), 5 hit(s), 0 error(s), 2 left on base; Salem 6 - Memphis 0
BOTTOM OF THE 2ND
Memphis Blues batting - Pitching for Salem Silver Souls : RHP Ron Biller
Batting: RHB Bob Orr 0-0: Ball
1-0: Foul Ball, location: 2F
1-1: Foul Ball, location: 2F
1-2: Foul Ball, location: 2F
1-2: Ball
2-2: Foul Ball, location: 2F
2-2: Ball
3-2: SINGLE (Line Drive, 34D)
Batting: LHB Arturo Rivera 0-0: Grounds into double play, 1-4-3 (Groundball, 13S)
Batting: RHB Glenn Melican 0-0: Called Strike
0-1: Swinging Strike
0-2: Ball
1-2: Ground out 6-3 (Groundball, 6M)
Bottom of the 2nd over - 0 run(s), 1 hit(s), 0 error(s), 0 left on base; Salem 6 - Memphis 0
TOP OF THE 3RD
Salem Silver Souls batting - Pitching for Memphis Blues : RHP Francisco Arellano
Batting: LHB Jermaine Carter 0-0: Ball
1-0: Called Strike
1-1: Swinging Strike
1-2: Ball
2-2: Strikes out swinging
Batting: RHB Alejandro Martínez 0-0: Fly out, F8 (Flyball, 8LM)
Batting: SHB Francis Shaffer 0-0: Ball
1-0: Ball
2-0: Ball
3-0: Base on Balls
Pitching: RHP Miguel García
Batting: RHB Félix García 0-0: Called Strike
Francis Shaffer steals 2nd base
0-1: Ball
1-1: SINGLE (Flyball, 7S)
Francis Shaffer to third
Runner from 3rd tries for Home, SAFE, no throw or cutoff
Batting: LHB Bill Smith 0-0: Fly out, F7 (Flyball, 78M)
Top of the 3rd over - 1 run(s), 1 hit(s), 0 error(s), 1 left on base; Salem 7 - Memphis 0
BOTTOM OF THE 3RD
Memphis Blues batting - Pitching for Salem Silver Souls : RHP Ron Biller
Batting: RHB Jesús Sánchez 0-0: Foul Ball, location: 2F
0-1: Foul Ball, location: 2F
0-2: Ball
1-2: Ground out 6-3 (Groundball, 6)
Batting: RHB Dave O'Neill 0-0: Foul Ball, location: 2F
0-1: Ball
1-1: Ball
2-1: Foul Ball, location: 2F
2-2: Strikes out swinging
Batting: RHB Dale O'Feennaghty 0-0: Called Strike
0-1: Fly out, F9 (Flyball, 9S)
Bottom of the 3rd over - 0 run(s), 0 hit(s), 0 error(s), 0 left on base; Salem 7 - Memphis 0
TOP OF THE 4TH
Salem Silver Souls batting - Pitching for Memphis Blues : RHP Miguel García
Batting: RHB Juan Vareas 0-0: Called Strike
0-1: Called Strike
0-2: SINGLE (Groundball, 5L)
Batting: LHB Raúl Cordero 0-0: Ball
1-0: Called Strike
1-1: Ball
2-1: Ball
3-1: Called Strike
3-2: Strikes out swinging
Juan Vareas is caught stealing 2nd base
Batter strikes out.
Batting: LHB Millard Dye 0-0: SINGLE (Line Drive, 56)
Batting: RHB Jesús Gutiérrez 0-0: Fly out, F4 (Line Drive, 4)
Top of the 4th over - 0 run(s), 2 hit(s), 0 error(s), 1 left on base; Salem 7 - Memphis 0
BOTTOM OF THE 4TH
Memphis Blues batting - Pitching for Salem Silver Souls : RHP Ron Biller
Batting: RHB Jorge Domínguez 0-0: Ball
1-0: Swinging Strike
1-1: Swinging Strike
1-2: Strikes out swinging
Batting: RHB Dave Wookey 0-0: Ball
1-0: Swinging Strike
1-1: Ground out 6-3 (Groundball, 6)
Batting: RHB Dale Taylor 0-0: Called Strike
0-1: Ball
1-1: Ground out 5-3 (Groundball, 56)
Bottom of the 4th over - 0 run(s), 0 hit(s), 0 error(s), 0 left on base; Salem 7 - Memphis 0
TOP OF THE 5TH
Salem Silver Souls batting - Pitching for Memphis Blues : RHP Miguel García
Batting: LHB Jermaine Carter 0-0: Ball
1-0: Called Strike
1-1: Called Strike
1-2: Strikes out swinging
Batting: RHB Alejandro Martínez 0-0: Fly out, F3 (Popup, 3F)
Batting: SHB Francis Shaffer 0-0: Fly out, F4 (Popup, 4MD)
Top of the 5th over - 0 run(s), 0 hit(s), 0 error(s), 0 left on base; Salem 7 - Memphis 0
BOTTOM OF THE 5TH
Memphis Blues batting - Pitching for Salem Silver Souls : RHP Ron Biller
Batting: RHB Bob Orr 0-0: Ball
1-0: Ball
2-0: Ball
3-0: Called Strike
3-1: Base on Balls
Batting: LHB Arturo Rivera 0-0: Ball
1-0: Foul Ball, location: 2F
1-1: Ball
2-1: Ball
3-1: Base on Balls
Bob Orr to second
Batting: RHB Glenn Melican 0-0: Ground out 5-3 (Groundball, 5S)
Bob Orr to third
Arturo Rivera to second
Batting: RHB Jesús Sánchez 0-0: Swinging Strike
0-1: Called Strike
0-2: Ball
1-2: Strikes out swinging
Batting: RHB Dave O'Neill 0-0: Ball
1-0: Called Strike
1-1: Fly out, F3 (Popup, 3SF)
Bottom of the 5th over - 0 run(s), 0 hit(s), 0 error(s), 2 left on base; Salem 7 - Memphis 0
TOP OF THE 6TH
Salem Silver Souls batting - Pitching for Memphis Blues : RHP Miguel García
Batting: RHB Félix García 0-0: Swinging Strike
0-1: Ball
1-1: Swinging Strike
1-2: Foul Ball, location: 2F
1-2: Strikes out swinging
Batting: LHB Bill Smith 0-0: Ground out 4-3 (Groundball, 4)
Batting: RHB Juan Vareas 0-0: Ball
1-0: Foul Ball, location: 2F
1-1: Called Strike
1-2: SINGLE (Line Drive, 8LS)
Batting: LHB Raúl Cordero 0-0: Foul Ball, location: 2F
0-1: Ball
1-1: Ball
2-1: Ball
3-1: Base on Balls
Juan Vareas to second
Batting: LHB Millard Dye 0-0: Ball
1-0: Ball
2-0: Ball
3-0: Base on Balls
Juan Vareas to third
Raúl Cordero to second
Batting: RHB Jesús Gutiérrez 0-0: Called Strike
0-1: Ball
1-1: Called Strike
1-2: SINGLE (Groundball, 56D)
Juan Vareas scores
Raúl Cordero to third
Millard Dye to second
Runner from 3rd tries for Home, SAFE, no throw or cutoff
Batting: LHB Jermaine Carter 0-0: Called Strike
0-1: Ball
1-1: DOUBLE (Line Drive, 9LM)
Millard Dye scores
Jesús Gutiérrez to third
Runner from 3rd tries for Home, SAFE, no throw or cutoff
Pitching: RHP Pedro Orozco
Batting: RHB Alejandro Martínez 0-0: Ball
1-0: Fly out, F7 (Flyball, 7M)
Top of the 6th over - 4 run(s), 3 hit(s), 0 error(s), 1 left on base; Salem 11 - Memphis 0
BOTTOM OF THE 6TH
Memphis Blues batting - Pitching for Salem Silver Souls : RHP Ron Biller
Batting: RHB Dale O'Feennaghty 0-0: Foul Ball, location: 2F
0-1: Ground out 6-3 (Groundball, 6M)
Batting: RHB Jorge Domínguez 0-0: Fly out, F8 (Flyball, 8LS)
Batting: RHB Dave Wookey 0-0: Called Strike
0-1: Swinging Strike
0-2: Strikes out looking
Bottom of the 6th over - 0 run(s), 0 hit(s), 0 error(s), 0 left on base; Salem 11 - Memphis 0
TOP OF THE 7TH
Salem Silver Souls batting - Pitching for Memphis Blues : RHP Pedro Orozco
Batting: SHB Francis Shaffer 0-0: Called Strike
0-1: Fly out, F8 (Flyball, 8RS)
Batting: RHB Félix García 0-0: Ball
1-0: Ball
2-0: Swinging Strike
2-1: Swinging Strike
2-2: Ball
3-2: Foul Ball, location: 2F
3-2: Strikes out swinging
Batting: LHB Bill Smith 0-0: Ground out 3-1 (Groundball, 34)
Top of the 7th over - 0 run(s), 0 hit(s), 0 error(s), 0 left on base; Salem 11 - Memphis 0
BOTTOM OF THE 7TH
Memphis Blues batting - Pitching for Salem Silver Souls : RHP Ron Biller
Batting: RHB Dale Taylor 0-0: Called Strike
0-1: Swinging Strike
0-2: Strikes out swinging
Batting: RHB Bob Orr 0-0: Called Strike
0-1: Foul Ball, location: 2F
0-2: Strikes out swinging
Batting: LHB Arturo Rivera 0-0: Called Strike
0-1: Called Strike
0-2: Strikes out looking
Bottom of the 7th over - 0 run(s), 0 hit(s), 0 error(s), 0 left on base; Salem 11 - Memphis 0
TOP OF THE 8TH
Salem Silver Souls batting - Pitching for Memphis Blues : RHP Pedro Orozco
Batting: RHB Juan Vareas 0-0: SINGLE (Line Drive, 34)
Batting: LHB Raúl Cordero 0-0: Swinging Strike
0-1: Ball
1-1: Foul Ball, location: 2F
1-2: Ball
2-2: Ball
3-2: Base on Balls
Juan Vareas to second
Batting: LHB Millard Dye 0-0: Swinging Strike
0-1: Grounds into double play, 6-4-3 (Groundball, 6)
Juan Vareas to third
Batting: RHB Jesús Gutiérrez 0-0: Ball
1-0: Fly out, F9 (Flyball, 9S)
Top of the 8th over - 0 run(s), 1 hit(s), 0 error(s), 1 left on base; Salem 11 - Memphis 0
BOTTOM OF THE 8TH
Memphis Blues batting - Pitching for Salem Silver Souls : RHP Ron Biller
Batting: RHB Glenn Melican 0-0: Ball
1-0: Ball
2-0: Foul Ball, location: 2F
2-1: Swinging Strike
2-2: Strikes out swinging
Batting: RHB Jesús Sánchez 0-0: Called Strike
0-1: Fly out, F2 (Popup, 2LF)
Batting: RHB Dave O'Neill 0-0: Ball
1-0: Ball
2-0: Ball
3-0: Base on Balls
Batting: RHB Dale O'Feennaghty 0-0: Ball
1-0: Foul Ball, location: 2F
1-1: Ball
2-1: Swinging Strike
2-2: Strikes out swinging
Bottom of the 8th over - 0 run(s), 0 hit(s), 0 error(s), 1 left on base; Salem 11 - Memphis 0
TOP OF THE 9TH
Salem Silver Souls batting - Pitching for Memphis Blues : RHP Pedro Orozco
Batting: LHB Jermaine Carter 0-0: Ball
1-0: Foul Ball, location: 2F
1-1: Ball
2-1: Ball
3-1: Fly out, F7 (Flyball, 7S)
Batting: RHB Alejandro Martínez 0-0: Called Strike
0-1: Ball
1-1: Foul Ball, location: 2F
1-2: DOUBLE (Line Drive, 7M)
Batting: SHB Francis Shaffer 0-0: Ground out 6-3 (Groundball, 6)
Batting: RHB Félix García 0-0: Called Strike
0-1: Called Strike
0-2: Ball
1-2: Ball
2-2: Foul Ball, location: 2F
2-2: Fly out, F7 (Flyball, 7D)
Top of the 9th over - 0 run(s), 1 hit(s), 0 error(s), 1 left on base; Salem 11 - Memphis 0
BOTTOM OF THE 9TH
Memphis Blues batting - Pitching for Salem Silver Souls : RHP Ron Biller
Now in CF: Gustavo Pagán
Batting: RHB Jorge Domínguez 0-0: Ball
1-0: Ball
2-0: Ground out 5-3 (Groundball, 5)
Batting: RHB Dave Wookey 0-0: Called Strike
0-1: Called Strike
0-2: Strikes out swinging
Batting: RHB Dale Taylor 0-0: Ball
1-0: Ball
2-0: Called Strike
2-1: Foul Ball, location: 2F
2-2: SOLO HOME RUN (Line Drive, 7LD), Distance : 358 ft
Batting: RHB Bob Orr 0-0: Ball
1-0: Foul Ball, location: 2F
1-1: Foul Ball, location: 2F
1-2: Strikes out swinging
Bottom of the 9th over - 1 run(s), 1 hit(s), 0 error(s), 0 left on base; Salem 11 - Memphis 1
This league is powered by Out of the Park Baseball, the baseball management simulation game for PC, Mac and Linux
Saturday, April 9th, 2016 - OOTP Baseball 16.8 Build 38